 Dungeon Crawl Stone Soup version 0.27-a0-819-g058290f16d (webtiles) character file.

Game seed: 5066308328018285442

623 sleeves the Sneak (level 7, -6/36 HPs)
             Began as a Gargoyle Enchanter on Mar 29, 2021.
             Was a Follower of Dithmenos.
             Mangled by an ogre
             ... wielding a +0 giant club
              (23 damage)
             ... on level 5 of the Dungeon.
             The game lasted 00:15:18 (5983 turns).

sleeves the Sneak (Gargoyle Enchanter)              Turns: 5983, Time: 00:15:19

Health: -6/36      AC:  7    Str: 12    XL:     7   Next: 47%
Magic:  18/19      EV: 11    Int: 17    God:    Dithmenos [*.....]
Gold:   64         SH:  0    Dex: 10    Spells: 3/10 levels left

rFire    . . .     SeeInvis .   A - +3 short sword
rCold    . . .     Faith    .   (no shield)
rNeg     + . .     Spirit   .   b - +0 robe
rPois    ∞         Reflect  .   (no helmet)
rElec    +         Harm     .   q - +0 cloak
rCorr    .         Rampage  .   (no gloves)
Will     .....                  (no boots)
Stlth    ++++......             (no amulet)
HPRegen  0.12/turn              s - ring of magical power
MPRegen  0.16/turn              x - ring of wizardry

@: wreathed by umbra
A: AC +4, negative energy resistance 1, electricity resistance, torment
resistance 1, unbreathing 1, petrification resistance
a: Renounce Religion


You were on level 5 of the Dungeon.
You worshipped Dithmenos.
Dithmenos was aware of your devotion.
You visited 1 branch of the dungeon, and saw 5 of its levels.

You collected 64 gold pieces.

Inventory:

Hand Weapons
 a - a +1 dagger
 g - a +1 vampiric dagger
   (You took it off a goblin on level 1 of the Dungeon)
 i - a +1 dagger of draining
   (You took it off a goblin on level 2 of the Dungeon)
 A - a +3 short sword (weapon)
   (You took it off an orc on level 4 of the Dungeon)
Armour
 b - a +0 robe (worn)
 o - a +0 kite shield
   (You took it off a hobgoblin on level 2 of the Dungeon)
 q - a +0 cloak (worn)
   (You found it on level 3 of the Dungeon)
 w - a +0 buckler
   (You found it on level 4 of the Dungeon)
Jewellery
 f - a ring of flight
   (You found it on level 1 of the Dungeon)
 l - a +6 ring of strength
   (You found it on level 2 of the Dungeon)
 s - a ring of magical power (left hand)
   (You found it on level 3 of the Dungeon)
 x - a ring of wizardry (right hand)
   (You took it off a gnoll on level 4 of the Dungeon)
 y - a ring of resist corrosion
   (You found it on level 4 of the Dungeon)
Wands
 t - a wand of polymorph (1)
   (You took it off Ijyb on level 3 of the Dungeon)
Scrolls
 c - a scroll of immolation {unknown}
 e - 5 scrolls of identify {unknown}
 h - a scroll of fear {unknown}
 k - 4 scrolls of teleportation {unknown}
 n - 2 scrolls of holy word {unknown}
 u - 2 scrolls of magic mapping {unknown}
 B - a scroll of blinking {unknown}
Potions
 j - 2 potions of mutation {unknown}
 m - a potion of flight {unknown}
 p - a potion of haste {unknown}
 r - a potion of curing {unknown}
 v - a potion of attraction {unknown}
 z - a potion of berserk rage {unknown}


   Skills:
 - Level 4.0 Short Blades
 - Level 1.5 Dodging
 + Level 6.5 Stealth
 - Level 2.0 Spellcasting
 + Level 4.8 Hexes


You had 3 spell levels left.
You knew the following spells:

 Your Spells              Type           Power      Damage    Failure   Level
a - Corona                Hex            20%        N/A       1%          1
b - Ensorcelled Hibernat  Hex/Ice        18%        N/A       4%          2
c - Petrify               Tmut/Erth      1%         N/A       56%         4

Your spell library contained the following spells:

 Spells                   Type           Power      Damage    Failure   Level
 Slow                     Hex            18%        N/A       1%          2
 Confusing Touch          Hex            18%        N/A       3%          3
 Tukima's Dance           Hex            18%        N/A       3%          3
 Animate Skeleton         Necr           2%         N/A       8%          1
 Apportation              Tloc           2%         N/A       8%          1
 Magic Dart               Conj           4%         1d3       8%          1
 Summon Small Mammal      Summ           4%         N/A       8%          1
 Dazzling Flash           Conj/Hex       18%        N/A       9%          3
 Blink                    Tloc           N/A        N/A       12%         2
 Call Imp                 Summ           1%         N/A       12%         2
 Conjure Flame            Conj/Fire      1%         6-21      22%         3
 Gell's Gravitas          Tloc           0%         N/A       22%         3
 Mephitic Cloud           Conj/Pois/Air  1%         N/A       22%         3
 Metabolic Englaciation   Hex/Ice        4%         N/A       58%         5
 Yara's Violent Unravell  Hex/Tmut       4%         3d4       58%         5
 Irradiate                Conj/Tmut      0%         3d13      88%         5
 Hydra Form               Tmut           0%         N/A       100%        6
 Dragon Form              Tmut           0%         N/A       100%        7
 Statue Form              Tmut/Erth      Unusable   N/A       N/A         6

Dungeon Overview and Level Annotations

Branches:
Dungeon (5/15)             Temple (0/1) D:5

Altars:
Dithmenos

Annotations:
D:3 Grinder


Innate Abilities, Weirdness & Mutations

Your stone body is resilient. (AC +4)
You are immune to poison.
You resist negative energy. (rN+)
You are resistant to electric shocks. (rElec)
You are resistant to unholy torment.
You can survive without breathing.
You are immune to petrification.


Message History

You can't see any susceptible monsters within range! (Use Z to cast anyway.) Unknown command.
Magic restored.
There is a stone staircase leading down here.
You climb downwards.
There is a stone staircase leading up here.
HP restored.
A gnoll is nearby!
A gnoll is nearby!
A gnoll is nearby!
The gnoll misses you.
Casting: Ensorcelled Hibernation (safe; 13% risk of failure)
Confirm with . or Enter, or press ? or * to list all spells.
Aiming: Ensorcelled Hibernation (safe; 13% risk of failure)
Press: ? - help, Shift-Dir - straight line, f - gnoll
Aim: a gnoll, wielding a +0 spear and wearing a ring of wizardry (chance to affect: 49%)
The gnoll resists with some effort.
The gnoll shouts!
The gnoll barely misses you.
Casting: Ensorcelled Hibernation (safe; 13% risk of failure)
Confirm with . or Enter, or press ? or * to list all spells.
Aiming: Ensorcelled Hibernation (safe; 13% risk of failure)
Press: ? - help, Shift-Dir - straight line, f/p - gnoll
Aim: a gnoll, wielding a +0 spear and wearing a ring of wizardry (chance to affect: 49%)
The gnoll resists with some effort.
The gnoll misses you.
Casting: Ensorcelled Hibernation (safe; 13% risk of failure)
Confirm with . or Enter, or press ? or * to list all spells.
Aiming: Ensorcelled Hibernation (safe; 13% risk of failure)
Press: ? - help, Shift-Dir - straight line, f/p - gnoll
Aim: a gnoll, wielding a +0 spear and wearing a ring of wizardry (chance to affect: 49%)
The gnoll resists with some effort.
The gnoll barely misses you.
Casting: Ensorcelled Hibernation (safe; 13% risk of failure)
Confirm with . or Enter, or press ? or * to list all spells.
Aiming: Ensorcelled Hibernation (safe; 13% risk of failure)
Press: ? - help, Shift-Dir - straight line, f/p - gnoll
Aim: a gnoll, wielding a +0 spear and wearing a ring of wizardry (chance to affect: 49%)
The gnoll resists with some effort.
The gnoll barely misses you.
Casting: Ensorcelled Hibernation (safe; 13% risk of failure)
Confirm with . or Enter, or press ? or * to list all spells.
Aiming: Ensorcelled Hibernation (safe; 13% risk of failure)
Press: ? - help, Shift-Dir - straight line, f/p - gnoll
Aim: a gnoll, wielding a +0 spear and wearing a ring of wizardry (chance to affect: 49%)
The gnoll looks drowsy...
A giant cockroach comes into view.
The helpless gnoll fails to defend itself.
You impale the gnoll!!
You kill the gnoll!
Dithmenos accepts your kill. The gnoll closely misses you.
Casting: Ensorcelled Hibernation (safe; 13% risk of failure)
Confirm with . or Enter, or press ? or * to list all spells.
Aiming: Ensorcelled Hibernation (safe; 13% risk of failure)
Press: ? - help, Shift-Dir - straight line, f - gnoll
Aim: a gnoll, wielding a +0 flail (lightly wounded, chance to affect: 49%)
The gnoll resists with some effort.
The gnoll hits you but does no damage.
Casting: Ensorcelled Hibernation (safe; 13% risk of failure)
Confirm with . or Enter, or press ? or * to list all spells.
Aiming: Ensorcelled Hibernation (safe; 13% risk of failure)
Press: ? - help, Shift-Dir - straight line, f/p - gnoll
Aim: a gnoll, wielding a +0 flail (lightly wounded, chance to affect: 49%)
The gnoll looks drowsy...
Casting: Ensorcelled Hibernation (safe; 13% risk of failure)
Confirm with . or Enter, or press ? or * to list all spells.
You don't know that spell.
The helpless gnoll fails to defend itself.
You impale the gnoll!!
You kill the gnoll!
Dithmenos accepts your kill.
Your Hexes skill increases to level 4!
Casting: Ensorcelled Hibernation (safe; 13% risk of failure)
Confirm with . or Enter, or press ? or * to list all spells.
Aiming: Ensorcelled Hibernation (safe; 13% risk of failure)
Press: ? - help, Shift-Dir - straight line, f - giant cockroach
Aim: a giant cockroach (chance to affect: 57%)
The giant cockroach looks drowsy...
* * * LOW MAGIC WARNING * * *
Things that are here:
a +0 spear; a ring of wizardry; a gnoll corpse The helpless giant cockroach fails to defend itself.
You impale the giant cockroach!!
You kill the giant cockroach!
Dithmenos accepts your kill.
A gnoll shaman is nearby!
A gnoll shaman is nearby!
A gnoll shaman is nearby!
The gnoll shaman shouts!
The gnoll shaman struggles to resist.
The gnoll shaman hits you with a +0 club!
You barely miss the gnoll shaman. The gnoll shaman misses you.
You hit the gnoll shaman. You drain the gnoll shaman.
The gnoll shaman is moderately wounded.
The gnoll shaman hits you with a +0 club.
You miscast Corona.
You are very lightly contaminated with residual magic.
Nothing appears to happen.
* * * LOW MAGIC WARNING * * *
The gnoll shaman closely misses you.
You barely miss the gnoll shaman.
The gnoll shaman is moderately wounded.
The gnoll shaman closely misses you.
You hit the gnoll shaman.
The gnoll shaman is heavily wounded.
You hit the gnoll shaman but do no damage.
The gnoll shaman is heavily wounded.
The gnoll shaman hits you with a +0 club.
You are too injured to fight recklessly!
You are too injured to fight recklessly!
You are too injured to fight recklessly!
You are too injured to fight recklessly!
Casting: Corona (safe; 3% risk of failure)
Confirm with . or Enter, or press ? or * to list all spells.
You don't know that spell.
Casting: Corona (safe; 3% risk of failure)
Confirm with . or Enter, or press ? or * to list all spells.
Aiming: Ensorcelled Hibernation (safe; 13% risk of failure)
Press: ? - help, Shift-Dir - straight line, f/p - gnoll shaman
Aim: a gnoll shaman, wielding a +0 club and wearing a +0 robe (heavily wounded, heavily drained, chance to affect: 46%)
The gnoll shaman resists with some effort.
* * * LOW MAGIC WARNING * * *
The gnoll shaman hits you with a +0 club.
You hit the gnoll shaman but do no damage.
You drain the gnoll shaman.
The gnoll shaman is severely wounded.
The gnoll shaman prays to its god.
The gnoll shaman is healed somewhat.
You hit the gnoll shaman but do no damage.
You drain the gnoll shaman.
The gnoll shaman is severely wounded.
The gnoll shaman hits you but does no damage.
You hit the gnoll shaman.
The gnoll shaman is almost dead.
The gnoll shaman hits you but does no damage.
Your magical contamination has completely faded away.
Casting: Ensorcelled Hibernation (safe; 13% risk of failure)
Confirm with . or Enter, or press ? or * to list all spells.
Aiming: Ensorcelled Hibernation (safe; 13% risk of failure)
Press: ? - help, Shift-Dir - straight line, f/p - gnoll shaman
Aim: a gnoll shaman, wielding a +0 club and wearing a +0 robe (almost dead, heavily drained, chance to affect: 51%)
You miscast Ensorcelled Hibernation.
You are very lightly contaminated with residual magic.
Nothing appears to happen.
* * * LOW MAGIC WARNING * * *
The gnoll shaman hits you but does no damage.
You hit the gnoll shaman.
The gnoll shaman is almost dead.
The gnoll shaman hits you with a +0 club.
You hit the gnoll shaman but do no damage.
You drain the gnoll shaman.
You kill the gnoll shaman!
Dithmenos accepts your kill.
Things that are here:
a +0 club; a +0 robe You start resting.
Your magical contamination has completely faded away.
You start resting.
Magic restored.
You start resting.
HP restored.
x - a ring of wizardry
Things that are here:
a +0 spear; a gnoll corpse
Things that are here:
a +0 flail; a gnoll corpse Blork the orc comes into view.
He is wielding a +6 dire flail.
Blork the orc is nearby!
Blork the orc is nearby!
Blork the orc shouts!
Casting: Ensorcelled Hibernation (safe; 13% risk of failure)
Confirm with . or Enter, or press ? or * to list all spells.
Aiming: Ensorcelled Hibernation (safe; 13% risk of failure)
Press: ? - help, Shift-Dir - straight line, f - Blork the orc
Aim: Blork the orc, wielding a +6 dire flail and wearing a +0 robe (chance to affect: 39%) Blork the orc resists with some effort.
Blork the orc looks encouraged for a moment.
Casting: Ensorcelled Hibernation (safe; 13% risk of failure)
Confirm with . or Enter, or press ? or * to list all spells.
Aiming: Ensorcelled Hibernation (safe; 13% risk of failure)
Press: ? - help, Shift-Dir - straight line, f/p - Blork the orc
Aim: Blork the orc, wielding a +6 dire flail and wearing a +0 robe (chance to affect: 39%) Blork the orc resists with some effort.
Casting: Ensorcelled Hibernation (safe; 13% risk of failure)
Confirm with . or Enter, or press ? or * to list all spells.
Aiming: Ensorcelled Hibernation (safe; 13% risk of failure)
Press: ? - help, Shift-Dir - straight line, f/p - Blork the orc
Aim: Blork the orc, wielding a +6 dire flail and wearing a +0 robe (chance to affect: 39%) Blork the orc looks drowsy...
Natasha, Servant of Life and Death comes into view.
An iguana comes into view.
Blork the orc shouts!
Blork the orc begins to cast a cantrip, but forgets the words!
Found a stone staircase leading down.
Casting: Ensorcelled Hibernation (safe; 13% risk of failure)
Confirm with . or Enter, or press ? or * to list all spells.
Aiming: Ensorcelled Hibernation (safe; 13% risk of failure)
Press: ? - help, Shift-Dir - straight line, f - iguana, p - Blork the orc
Aim: an iguana (chance to affect: 49%)
Okay, then.
Found 25 sling bullets.
An orc comes into view. It is wielding a +0 short sword.
Blork the orc points at you and mumbles some strange words.
The puff of frost hits you.
Blork the orc gestures wildly while chanting.
Blork the orc seems to speed up.
The orc closely misses you. The orc barely misses you.
Natasha casts a spell.
Blork the orc barely misses you.
Blork the orc hits you with a +6 dire flail!
Casting: Ensorcelled Hibernation (safe; 13% risk of failure)
Confirm with . or Enter, or press ? or * to list all spells.
Aiming: Ensorcelled Hibernation (safe; 13% risk of failure)
Press: ? - help, Shift-Dir - straight line, f/p - Blork the orc
Aim: Blork the orc, wielding a +6 dire flail and wearing a +0 robe (fast, chance to affect: 39%) Blork the orc resists with some effort.
Natasha mumbles some strange words.
Natasha shimmers violently.
Blork the orc screams, "I'll cover the dungeon with your blood!"
Blork the orc gestures at you while chanting.
The puff of frost hits you.
Casting: Ensorcelled Hibernation (safe; 13% risk of failure)
Confirm with . or Enter, or press ? or * to list all spells.
You don't know that spell.
Okay, then.
Okay, then.
Aiming: Polymorph
Press: ? - help, Shift-Dir - straight line, f/p - Blork the orc
Aim: Blork the orc, wielding a +6 dire flail and wearing a +0 robe (fast, will become a ball python, a steam dragon, or an endoplasm, chance to affect: 46%) Blork the orc resists with some effort.
Blork the orc barely misses you. Blork the orc closely misses you.
Natasha mumbles some strange words.
Aiming: Polymorph
Press: ? - help, Shift-Dir - straight line, f/p - Blork the orc
Aim: Blork the orc, wielding a +6 dire flail and wearing a +0 robe (fast, will become a ball python, a steam dragon, or an endoplasm, chance to affect: 46%) Blork the orc evaporates and reforms as an endoplasm!
Blork freezes you.
You are frozen.
* * * LOW HITPOINT WARNING * * *
The iguana bites you!
* * * LOW HITPOINT WARNING * * *
Natasha mumbles some strange words.
Blork jiggles.
The white imp disappears in a puff of smoke!
There is a stone staircase leading up here.
Blork freezes you.
You are frozen.
* * * LOW HITPOINT WARNING * * *
You climb upwards.
Level annotation: Grinder
There is a stone staircase leading down here.
Casting: Ensorcelled Hibernation (safe; 13% risk of failure)
Confirm with . or Enter, or press ? or * to list all spells.
Aiming: Ensorcelled Hibernation (safe; 13% risk of failure)
Press: ? - help, Shift-Dir - straight line, f - Blork
Aim: Blork the endoplasm (chance to affect: 57%) Blork resists with significant effort.
Blork hits you but does no damage.
Casting: Ensorcelled Hibernation (safe; 13% risk of failure)
Confirm with . or Enter, or press ? or * to list all spells.
Aiming: Ensorcelled Hibernation (safe; 13% risk of failure)
Press: ? - help, Shift-Dir - straight line, f/p - Blork
Aim: Blork the endoplasm (chance to affect: 57%)
You miscast Ensorcelled Hibernation.
You are very lightly contaminated with residual magic.
Nothing appears to happen.
Blork freezes you.
You are frozen.
* * * LOW HITPOINT WARNING * * *
Casting: Ensorcelled Hibernation (safe; 13% risk of failure)
Confirm with . or Enter, or press ? or * to list all spells.
Aiming: Ensorcelled Hibernation (safe; 13% risk of failure)
Press: ? - help, Shift-Dir - straight line, f/p - Blork
Aim: Blork the endoplasm (chance to affect: 57%) Blork resists with significant effort.
Blork barely misses you.
Casting: Ensorcelled Hibernation (safe; 13% risk of failure)
Confirm with . or Enter, or press ? or * to list all spells.
Aiming: Ensorcelled Hibernation (safe; 13% risk of failure)
Press: ? - help, Shift-Dir - straight line, f/p - Blork
Aim: Blork the endoplasm (chance to affect: 57%) Blork looks drowsy...
Blork fails to defend itself.
You impale Blork!!
You kill Blork!
Dithmenos accepts your kill.
You are shrouded in an aura of darkness!
Blork returns to his original shape as he dies.
You start resting.
Your magical contamination has completely faded away.
You start resting.
Magic restored.
You start resting.
A phantom is nearby!
Unknown command.
A phantom is nearby!
A phantom is nearby!
A phantom is nearby!
The phantom misses you. The phantom misses you.
Things that are here:
25 stones; a +0 leather armour; a +0 club
There is a stone staircase leading up here.
The phantom hits you but does no damage.
You climb upwards.
There is a stone staircase leading down here.
You hit the phantom.
The phantom is lightly damaged.
The phantom hits you but does no damage.
You closely miss the phantom.
The phantom is lightly damaged.
The phantom hits you.
You hit the phantom but do no damage.
The phantom is lightly damaged.
The phantom hits you.
The phantom blinks!
You blink.
You see here a +0 dagger.
There is a stone staircase leading down here.
Really walk into that teleport trap? [Y]es or [N]o only, please.
Really walk into that teleport trap?
Okay, then.
Really walk into that teleport trap?
You enter a teleport trap!
The teleport trap disappears.
Your surroundings suddenly seem different.
There is a stone staircase leading down here.
You start resting.
HP restored.
You climb downwards.
Level annotation: Grinder
There is a stone staircase leading up here.
There is an open door here.
You open the door.
There is an open door here.
You now have 55 gold pieces (gained 9).
There is an open door here.
You open the door.
There is an open door here.
Grinder is nearby!
Grinder is nearby!
There is a stone staircase leading down here.
You climb downwards.
Level annotation: Natasha An adder, 2 orcs and an orc wizard come into view.
There is a stone staircase leading up here.
There are monsters nearby!
The orc wizard shouts!
The adder bites you.
The orc shouts!
You hit the adder.
The adder is heavily wounded.
You hear a shout!
The adder bites you but does no damage.
You hit the adder but do no damage. You drain the adder.
The adder is severely wounded.
The adder closely misses you.
You closely miss the adder.
The adder is severely wounded.
The adder bites you but does no damage.
The orc wizard points at itself and mumbles some strange words.
The orc wizard flickers and vanishes!
Deactivating autopickup; reactivate with Ctrl-A.
You hit the adder.
You kill the adder!
Dithmenos accepts your kill.
Okay, then.
An orc wizard comes into view. It is wielding a +0 dagger.
The orc wizard shouts!
You hear a shout!
You hear some strange, mumbled words.
A puff of flame appears from out of thin air!
The puff of flame hits you!
The orc wizard casts a spell at itself.
The orc wizard flickers and vanishes!
Unknown command.
A worm comes into view.
The worm moves out of view.
Something hits you.
An orc comes into view. It is wielding a +0 dagger.
The orc shouts!
The orc hits you but does no damage.
Found 17 stones.
A puff of flame appears from out of thin air!
The puff of flame hits you. The orc hits you with a +0 short sword.
There is a stone staircase leading up here.
You climb upwards.
Level annotation: Grinder Reactivating autopickup.
There is a stone staircase leading down here.
You closely miss the orc. The orc misses you.
You closely miss the orc. You hit the orc. You drain the orc.
You kill the orc!
Dithmenos accepts your kill.
You are shrouded in an aura of darkness!
You see here a +0 short sword.
There is a stone staircase leading down here.
You start resting.
HP restored.
You climb downwards.
Level annotation: Natasha The orc barely misses you. x2
There is a stone staircase leading up here.
The orc hits you with a +0 flail. The orc barely misses you.
You climb upwards.
Level annotation: Grinder
There is a stone staircase leading down here.
The orc is outlined in light.
The orc barely misses you. x2
You hit the orc but do no damage. You drain the orc.
The orc is heavily wounded.
The orc hits you with a +0 flail!
You hit the orc but do no damage.
The orc is heavily wounded.
The orc hits you but does no damage. The orc barely misses you.
You hit the orc but do no damage. You drain the orc.
You kill the orc!
Dithmenos accepts your kill. The orc barely misses you.
You barely miss the orc. The orc hits you but does no damage.
You closely miss the orc. The orc hits you but does no damage.
The orc is outlined in light.
The orc barely misses you.
You hit the orc.
The orc is heavily wounded.
You hit the orc. You drain the orc.
You kill the orc!
Dithmenos accepts your kill.
No target in view!
No target in view!
You climb downwards.
Level annotation: Natasha
There is a stone staircase leading up here.
Magic restored.
An iguana is nearby!
An iguana is nearby!
Casting: Corona (safe; 3% risk of failure)
Confirm with . or Enter, or press ? or * to list all spells.
You don't know that spell.
The orc wizard struggles to resist.
The iguana hisses angrily.
Casting: Corona (safe; 3% risk of failure)
Confirm with . or Enter, or press ? or * to list all spells.
You don't know that spell.
Casting: Corona (safe; 3% risk of failure)
Confirm with . or Enter, or press ? or * to list all spells.
Aiming: Ensorcelled Hibernation (safe; 13% risk of failure)
Press: ? - help, Shift-Dir - straight line, f/p - orc wizard
Aim: an orc wizard, wielding a +0 dagger and wearing a +0 robe (umbra, chance to affect: 39%)
You miscast Ensorcelled Hibernation.
You are very lightly contaminated with residual magic.
Nothing appears to happen.
The orc wizard barely misses you.
The orc wizard hits you with a +0 dagger.
You climb upwards.
Level annotation: Grinder
There is a stone staircase leading down here.
Casting: Ensorcelled Hibernation (safe; 13% risk of failure)
Confirm with . or Enter, or press ? or * to list all spells.
Aiming: Ensorcelled Hibernation (safe; 13% risk of failure)
Press: ? - help, Shift-Dir - straight line, f - orc wizard
Aim: an orc wizard, wielding a +0 dagger and wearing a +0 robe (umbra, chance to affect: 39%)
The orc wizard looks drowsy...
The helpless orc wizard fails to defend itself.
You impale the orc wizard!!
You kill the orc wizard!
Dithmenos accepts your kill.
Things that are here:
a +0 dagger; a +0 robe; an orc corpse Your magical contamination has completely faded away.
There is a stone staircase leading down, spattered with blood here.
You start resting.
Grinder is nearby!
You climb downwards.
Level annotation: Natasha The iguana bites you but does no damage.
There is a stone staircase leading up here.
Casting: Ensorcelled Hibernation (safe; 12% risk of failure)
Confirm with . or Enter, or press ? or * to list all spells.
Aiming: Ensorcelled Hibernation (safe; 12% risk of failure)
Press: ? - help, Shift-Dir - straight line, f - iguana
Aim: an iguana (umbra, chance to affect: 49%)
You miscast Ensorcelled Hibernation.
You are very lightly contaminated with residual magic.
Nothing appears to happen.
The iguana bites you!
Casting: Ensorcelled Hibernation (safe; 12% risk of failure)
Confirm with . or Enter, or press ? or * to list all spells.
Aiming: Ensorcelled Hibernation (safe; 12% risk of failure)
Press: ? - help, Shift-Dir - straight line, f/p - iguana
Aim: an iguana (umbra, chance to affect: 49%)
The iguana resists with some effort.
The iguana bites you but does no damage.
Casting: Ensorcelled Hibernation (safe; 12% risk of failure)
Confirm with . or Enter, or press ? or * to list all spells.
Aiming: Ensorcelled Hibernation (safe; 12% risk of failure)
Press: ? - help, Shift-Dir - straight line, f/p - iguana
Aim: an iguana (umbra, chance to affect: 49%)
You miscast Ensorcelled Hibernation.
Nothing appears to happen.
The iguana bites you!
* * * LOW HITPOINT WARNING * * *
Casting: Ensorcelled Hibernation (safe; 12% risk of failure)
Confirm with . or Enter, or press ? or * to list all spells.
Aiming: Ensorcelled Hibernation (safe; 12% risk of failure)
Press: ? - help, Shift-Dir - straight line, f/p - iguana
Aim: an iguana (umbra, chance to affect: 49%)
The iguana looks drowsy...
The helpless iguana fails to defend itself.
You puncture the iguana!
The iguana is almost dead.
The iguana barely misses you.
You closely miss the iguana.
The iguana is almost dead.
The iguana closely misses you.
You hit the iguana but do no damage. You drain the iguana.
You kill the iguana!
Dithmenos accepts your kill.
You start resting.
Your magical contamination has completely faded away.
You start resting.
An orc is nearby!
An orc is nearby!
You start resting.
Magic restored.
You start resting.
HP restored.
The orc shouts!
An orc is nearby!
An orc is nearby!
An orc is nearby!
An orc is nearby!
The orc is outlined in light.
The orc closely misses you.
You hit the orc but do no damage. You drain the orc.
The orc is heavily wounded.
The orc hits you with a +0 mace.
You hit the orc.
You kill the orc!
Dithmenos accepts your kill.
No target in view!
No target in view!
Magic restored.
Things that are here:
a +0 mace; a +0 scale mail; an orc corpse
Things that are here:
a +0 robe; a +6 dire flail A worm is nearby!
The worm is outlined in light.
Casting: Corona (safe; 3% risk of failure)
Confirm with . or Enter, or press ? or * to list all spells.
Aiming: Ensorcelled Hibernation (safe; 12% risk of failure)
Press: ? - help, Shift-Dir - straight line, f/p - worm
Aim: a worm (softly glowing, chance to affect: 49%)
The worm resists with some effort.
Casting: Ensorcelled Hibernation (safe; 12% risk of failure)
Confirm with . or Enter, or press ? or * to list all spells.
Aiming: Ensorcelled Hibernation (safe; 12% risk of failure)
Press: ? - help, Shift-Dir - straight line, f/p - worm
Aim: a worm (softly glowing, chance to affect: 49%)
The worm resists with some effort.
You hit the worm.
The worm is lightly wounded.
The worm stops glowing.
You hit the worm.
The worm is moderately wounded.
The worm closely misses you.
You barely miss the worm.
The worm is moderately wounded.
You hit the worm.
The worm is moderately wounded.
The worm bites you but does no damage.
Casting: Ensorcelled Hibernation (safe; 12% risk of failure)
Confirm with . or Enter, or press ? or * to list all spells.
Aiming: Ensorcelled Hibernation (safe; 12% risk of failure)
Press: ? - help, Shift-Dir - straight line, f/p - worm
Aim: a worm (moderately wounded, umbra, chance to affect: 49%)
The worm resists with some effort.
Casting: Ensorcelled Hibernation (safe; 12% risk of failure)
Confirm with . or Enter, or press ? or * to list all spells.
Aiming: Ensorcelled Hibernation (safe; 12% risk of failure)
Press: ? - help, Shift-Dir - straight line, f/p - worm
Aim: a worm (moderately wounded, umbra, chance to affect: 49%)
The worm resists with some effort.
The worm closely misses you.
Casting: Ensorcelled Hibernation (safe; 12% risk of failure)
Confirm with . or Enter, or press ? or * to list all spells.
Aiming: Ensorcelled Hibernation (safe; 12% risk of failure)
Press: ? - help, Shift-Dir - straight line, f/p - worm
Aim: a worm (lightly wounded, umbra, chance to affect: 49%)
You miscast Ensorcelled Hibernation.
You are very lightly contaminated with residual magic.
Nothing appears to happen.
The worm barely misses you.
Casting: Ensorcelled Hibernation (safe; 12% risk of failure)
Confirm with . or Enter, or press ? or * to list all spells.
Aiming: Ensorcelled Hibernation (safe; 12% risk of failure)
Press: ? - help, Shift-Dir - straight line, f/p - worm
Aim: a worm (lightly wounded, umbra, chance to affect: 49%)
The worm looks drowsy...
The helpless worm fails to defend itself.
You impale the worm!!
You kill the worm!
Dithmenos accepts your kill.
Okay, then.
Your magical contamination has completely faded away.
Natasha is nearby!
Natasha is nearby!
Natasha is nearby!
Natasha is nearby!
You start resting.
Magic restored.
z - an emerald potion An orc wizard is nearby!
An orc wizard is nearby!
An orc wizard is nearby!
The orc wizard shouts!
The orc wizard is outlined in light.
You hear an angry hiss.
No target in view!
An orc wizard is nearby!
Casting: Corona (safe; 3% risk of failure)
Confirm with . or Enter, or press ? or * to list all spells.
Aiming: Ensorcelled Hibernation (safe; 12% risk of failure)
Press: ? - help, Shift-Dir - straight line, f/p - orc wizard
Aim: an orc wizard, wielding a +0 dagger and wearing a +0 robe (softly glowing, chance to affect: 39%)
You miscast Ensorcelled Hibernation.
You are very lightly contaminated with residual magic.
Nothing appears to happen.
Casting: Ensorcelled Hibernation (safe; 12% risk of failure)
Confirm with . or Enter, or press ? or * to list all spells.
Aiming: Ensorcelled Hibernation (safe; 12% risk of failure)
Press: ? - help, Shift-Dir - straight line, f/p - orc wizard
Aim: an orc wizard, wielding a +0 dagger and wearing a +0 robe (softly glowing, chance to affect: 39%)
The orc wizard resists with some effort.
Casting: Ensorcelled Hibernation (safe; 12% risk of failure)
Confirm with . or Enter, or press ? or * to list all spells.
Aiming: Ensorcelled Hibernation (safe; 12% risk of failure)
Press: ? - help, Shift-Dir - straight line, f/p - orc wizard
Aim: an orc wizard, wielding a +0 dagger and wearing a +0 robe (softly glowing, chance to affect: 39%)
The orc wizard looks drowsy...
The helpless orc wizard fails to defend itself.
You impale the orc wizard!!
You kill the orc wizard!
Dithmenos accepts your kill.
Things that are here:
a +0 dagger; a +0 robe; an orc corpse
Casting: Ensorcelled Hibernation (safe; 12% risk of failure)
Confirm with . or Enter, or press ? or * to list all spells.
Aiming: Ensorcelled Hibernation (safe; 12% risk of failure)
Press: ? - help, Shift-Dir - straight line, f - Natasha
Aim: Natasha (chance to affect: 40%) Natasha resists with some effort.
Casting: Ensorcelled Hibernation (safe; 12% risk of failure)
Confirm with . or Enter, or press ? or * to list all spells.
Aiming: Ensorcelled Hibernation (safe; 12% risk of failure)
Press: ? - help, Shift-Dir - straight line, f/p - Natasha
Aim: Natasha (umbra, chance to affect: 40%) Natasha resists with some effort.
Natasha completely misses you.
Your magical contamination has completely faded away.
Casting: Ensorcelled Hibernation (safe; 12% risk of failure)
Confirm with . or Enter, or press ? or * to list all spells.
Aiming: Ensorcelled Hibernation (safe; 12% risk of failure)
Press: ? - help, Shift-Dir - straight line, f/p - Natasha
Aim: Natasha (umbra, chance to affect: 40%) Natasha resists with some effort.
Natasha claws you.
Casting: Ensorcelled Hibernation (safe; 12% risk of failure)
Confirm with . or Enter, or press ? or * to list all spells.
Aiming: Ensorcelled Hibernation (safe; 12% risk of failure)
Press: ? - help, Shift-Dir - straight line, f/p - Natasha
Aim: Natasha (umbra, chance to affect: 40%) Natasha looks drowsy...
The helpless Natasha fails to defend herself.
You impale Natasha!!
You kill Natasha!
Dithmenos accepts your kill.
Natasha growls in agony!
You pick up a book of Minor Magic and begin reading...
You add the spells Magic Dart, Blink, Call Imp, Slow, Conjure Flame and Mephitic Cloud to your library.
You start resting.
HP restored.
You start resting.
Magic restored.
Okay, then.
A giant cockroach comes into view.
Found a copper ring.
A giant cockroach is nearby!
A giant cockroach is nearby!
You hit the giant cockroach but do no damage.
The giant cockroach barely misses you.
You hit the giant cockroach. You drain the giant cockroach.
You kill the giant cockroach!
Dithmenos accepts your kill.
No target in view!
Found a robe.
y - a ring of resist corrosion You're wearing all the rings you can.
Remove which one? (? for menu, Esc to cancel) < or
s - a ring of magical power; > or
l - a +6 ring of strength You remove your +6 ring of strength.
You feel weaker.
x - a ring of wizardry (right hand)
You see here a +0 hand axe.
Key pressed, stopping explore.
A giant cockroach is nearby!
A giant cockroach is nearby!
The helpless giant cockroach fails to defend itself.
You impale the giant cockroach!!
You kill the giant cockroach!
Dithmenos accepts your kill.
Things that are here:
a +0 mace; a +0 scale mail Done exploring.
Done exploring.
Done exploring.
(D) Dungeon
Where to? (Enter - D:3 @ (x,y), ? - help)
There is a stone staircase leading down here.
You climb downwards. 4 gnolls and an ogre come into view.
The gnoll shouts! x2; The ogre shouts!
The gnoll shouts!
Found a scroll labelled TETAURODEM, 9 gold pieces and a short sword.
Found an escape hatch in the floor.
There is a stone staircase leading up here.
The gnoll completely misses you. The gnoll barely misses you.
You climb upwards.
There is a stone staircase leading down here.
Casting: Ensorcelled Hibernation (safe; 4% risk of failure)
Confirm with . or Enter, or press ? or * to list all spells.
Aiming: Ensorcelled Hibernation (safe; 4% risk of failure)
Press: ? - help, Shift-Dir - straight line, f - gnoll
Aim: a gnoll, wielding a +0 club and quivering a throwing net (umbra, chance to affect: 50%)
The gnoll resists with some effort.
The gnoll closely misses you.
You closely miss the gnoll. You hit the gnoll. You drain the gnoll.
The gnoll is moderately wounded.
The gnoll hits you with a +0 club.
You closely miss the gnoll.
The gnoll is moderately wounded.
The gnoll barely misses you.
You hit the gnoll. You drain the gnoll.
The gnoll is almost dead.
The gnoll hits you but does no damage.
You completely miss the gnoll.
The gnoll is almost dead.
The gnoll hits you with a +0 club.
You closely miss the gnoll.
The gnoll is almost dead.
The gnoll closely misses you.
You hit the gnoll.
You kill the gnoll!
Dithmenos accepts your kill.
Things that are here:
a +0 club; a throwing net Magic restored.
There is a stone staircase leading down here.
You climb downwards.
There is a stone staircase leading up here.
HP restored.
A scorpion comes into view.
Found a book of Cantrips.
A scorpion is nearby!
A scorpion is nearby!
A hound zombie comes into view.
The scorpion barely misses you.
Casting: Ensorcelled Hibernation (safe; 4% risk of failure)
Confirm with . or Enter, or press ? or * to list all spells.
Aiming: Ensorcelled Hibernation (safe; 4% risk of failure)
Press: ? - help, Shift-Dir - straight line, f - scorpion
Aim: a scorpion (umbra, chance to affect: 40%)
The scorpion looks drowsy...
The helpless scorpion fails to defend itself.
You impale the scorpion!!
You kill the scorpion!
Dithmenos accepts your kill.
You have reached level 7!
Magic restored.
Menkaure, Prince of Dust comes into view.
Menkaure is nearby!
Menkaure is nearby!
Menkaure is nearby!
The helpless Menkaure fails to defend himself.
You impale Menkaure!!
You destroy Menkaure!
Dithmenos accepts your kill.
Training target 4.0 for Short Blades reached!
Your Short Blades skill increases to level 4!
Your Stealth skill increases to level 6!
There is a stone staircase leading up here.
An orc comes into view. It is wielding a +2 antimagic hand axe.
The orc shouts!
An orc is nearby!
An orc is nearby!
An orc is nearby!
An orc wizard comes into view. It is wielding a +0 dagger.
An orc comes into view. It is wielding a +0 short sword.
The orc shouts!
You hear a shout! x2
An orc comes into view. It is wielding a +0 club.
The orc is outlined in light.
The orc wizard shouts!
You barely miss the orc.
An orc comes into view. It is wielding a +3 short sword.
The orc hits you with a +2 antimagic hand axe.
You hit the orc but do no damage. You hit the orc.
The orc is almost dead.
The orc misses you.
You hit the orc.
You kill the orc!
Dithmenos accepts your kill.
There is a stone staircase leading up here.
The orc is outlined in light.
The orc sings a few bars from the Orcish anthem.
The orc barely misses you.
You hit the orc but do no damage.
There is a stone staircase leading up here.
You hit the orc but do no damage. The orc closely misses you.
You hit the orc. You drain the orc.
You kill the orc!
Dithmenos accepts your kill. The orc closely misses you.
You closely miss the orc. The orc hits you but does no damage.
The orc wizard gestures at itself while chanting.
The orc wizard flickers and vanishes!
Deactivating autopickup; reactivate with Ctrl-A.
The orc hits you with a +0 club. The orc hits you with a +3 short sword.
You climb upwards.
Reactivating autopickup.
There is a stone staircase leading down here.
Casting: Corona (safe; 1% risk of failure)
Confirm with . or Enter, or press ? or * to list all spells.
Aiming: Ensorcelled Hibernation (safe; 4% risk of failure)
Press: ? - help, Shift-Dir - straight line, f - orc
Aim: an orc, wielding a +3 short sword and wearing a +0 scale mail (umbra, chance to affect: 58%)
The orc resists with significant effort.
The orc barely misses you. x2
Casting: Ensorcelled Hibernation (safe; 4% risk of failure)
Confirm with . or Enter, or press ? or * to list all spells.
Aiming: Ensorcelled Hibernation (safe; 4% risk of failure)
Press: ? - help, Shift-Dir - straight line, f/p - orc
Aim: an orc, wielding a +3 short sword and wearing a +0 scale mail (chance to affect: 58%)
The orc looks drowsy...
The helpless orc fails to defend itself.
You impale the orc!!
You kill the orc!
Dithmenos accepts your kill.
Casting: Ensorcelled Hibernation (safe; 4% risk of failure)
Confirm with . or Enter, or press ? or * to list all spells.
Aiming: Ensorcelled Hibernation (safe; 4% risk of failure)
Press: ? - help, Shift-Dir - straight line, f/p - orc
Aim: an orc, wielding a +3 short sword and wearing a +0 scale mail (umbra, chance to affect: 58%)
The orc looks drowsy...
The helpless orc fails to defend itself.
You impale the orc!!
You kill the orc!
Dithmenos accepts your kill.
There is a stone staircase leading down here.
Items here: )) [[ †.
A - a +3 short sword
A - a +3 short sword (weapon)
Okay, then.
You start resting.
Magic restored.
You start resting.
HP restored.
You climb downwards.
There is a stone staircase leading up here.
Casting: Ensorcelled Hibernation (safe; 4% risk of failure)
Confirm with . or Enter, or press ? or * to list all spells.
Aiming: Ensorcelled Hibernation (safe; 4% risk of failure)
Press: ? - help, Shift-Dir - straight line, f - orc wizard
Aim: an orc wizard, wielding a +0 dagger and wearing a +0 robe (chance to affect: 40%)
You miscast Ensorcelled Hibernation.
You are very lightly contaminated with residual magic.
Nothing appears to happen.
Casting: Ensorcelled Hibernation (safe; 4% risk of failure)
Confirm with . or Enter, or press ? or * to list all spells.
Aiming: Ensorcelled Hibernation (safe; 4% risk of failure)
Press: ? - help, Shift-Dir - straight line, f/p - orc wizard
Aim: an orc wizard, wielding a +0 dagger and wearing a +0 robe (umbra, chance to affect: 40%)
The orc wizard resists with some effort.
The orc wizard closely misses you.
Casting: Ensorcelled Hibernation (safe; 4% risk of failure)
Confirm with . or Enter, or press ? or * to list all spells.
Aiming: Ensorcelled Hibernation (safe; 4% risk of failure)
Press: ? - help, Shift-Dir - straight line, f/p - orc wizard
Aim: an orc wizard, wielding a +0 dagger and wearing a +0 robe (umbra, chance to affect: 40%)
The orc wizard resists with some effort.
The orc wizard barely misses you.
Casting: Ensorcelled Hibernation (safe; 4% risk of failure)
Confirm with . or Enter, or press ? or * to list all spells.
Aiming: Ensorcelled Hibernation (safe; 4% risk of failure)
Press: ? - help, Shift-Dir - straight line, f/p - orc wizard
Aim: an orc wizard, wielding a +0 dagger and wearing a +0 robe (umbra, chance to affect: 40%)
The orc wizard looks drowsy...
The helpless orc wizard fails to defend itself.
You impale the orc wizard!!
You kill the orc wizard!
Dithmenos accepts your kill.
Items here: )) [[ †.
Your magical contamination has completely faded away.
There is a stone staircase leading up here.
Unknown command.
Unknown command.
Unknown command.
Magic restored.
Things that are here:
a +2 antimagic hand axe; an orc corpse
n - 2 scrolls labelled EFUINA ED XUENK (gained 1)
u - 2 scrolls labelled GELI MYEL (gained 1)
Found a robe.
Found a staircase to the Ecumenical Temple.
There is a staircase to the Ecumenical Temple here.
A dart slug comes into view.
A dart slug is nearby!
A dart slug is nearby!
The dart slug bites you but does no damage.
You hit the dart slug.
The dart slug is heavily wounded.
You hit the dart slug.
The dart slug is almost dead.
The dart slug barely misses you.
You hit the dart slug.
You kill the dart slug!
Dithmenos accepts your kill.
No target in view!
You now have 64 gold pieces (gained 9).
There is a stone staircase leading up here.
B - a scroll labelled TETAURODEM
Found a stone staircase leading down.
A gnoll is nearby!
The gnoll shouts!
There are monsters nearby!
You see here a +0 short sword.
There is a stone staircase leading up here.
A gnoll is nearby!
A gnoll is nearby!
Casting: Ensorcelled Hibernation (safe; 4% risk of failure)
Confirm with . or Enter, or press ? or * to list all spells.
Aiming: Ensorcelled Hibernation (safe; 4% risk of failure)
Press: ? - help, Shift-Dir - straight line, f - gnoll
Aim: a gnoll, wielding a +0 flail (chance to affect: 50%)
The gnoll looks drowsy...
The helpless gnoll fails to defend itself.
You impale the gnoll!!
You kill the gnoll!
Dithmenos accepts your kill.
There is a stone staircase leading up here.
Okay, then.
Unknown command.
Unknown command.
Unknown command.
Unknown command.
You start putting on your armour.
You continue putting on your +0 cloak. x4
You finish putting on your +0 cloak.
Drop what? 28/52 slots (_ for help) (? for menu, Esc to quit)
You drop a +0 cloak.
Okay, then.
Things that are here:
a +0 flail; a gnoll corpse You see here a +0 short sword.
Found a scroll labelled OFAV KETZYSI.
There are monsters nearby!
There are monsters nearby!
There are monsters nearby!
You start waiting.
An ogre is nearby!
An ogre is nearby!
An ogre is nearby!
The ogre shouts!
The ogre is outlined in light.
There is an escape hatch in the floor here.
You see here a +0 short sword.
Things that are here:
a +0 flail; a gnoll corpse
There is a stone staircase leading up here.
You see here a +0 cloak.
The ogre glows brighter.
Casting: Corona (safe; 1% risk of failure)
Confirm with . or Enter, or press ? or * to list all spells.
Aiming: Ensorcelled Hibernation (safe; 4% risk of failure)
Press: ? - help, Shift-Dir - straight line, f/p - ogre
Aim: an ogre, wielding a +0 giant club (softly glowing, chance to affect: 40%)
The ogre resists with some effort.
Casting: Ensorcelled Hibernation (safe; 4% risk of failure)
Confirm with . or Enter, or press ? or * to list all spells.
Aiming: Ensorcelled Hibernation (safe; 4% risk of failure)
Press: ? - help, Shift-Dir - straight line, f/p - ogre
Aim: an ogre, wielding a +0 giant club (softly glowing, chance to affect: 40%)
The ogre looks drowsy...
The helpless ogre fails to defend itself.
You impale the ogre!!
The ogre is severely wounded.
The ogre hits you with a +0 giant club!!
Ouch! That really hurt!
* * * LOW HITPOINT WARNING * * *
There is a stone staircase leading up here.
You see here a +0 cloak.
Okay, then.
The ogre stops glowing.
Casting: Ensorcelled Hibernation (safe; 4% risk of failure)
Confirm with . or Enter, or press ? or * to list all spells.
Aiming: Ensorcelled Hibernation (safe; 4% risk of failure)
Press: ? - help, Shift-Dir - straight line, f/p - ogre
Aim: an ogre, wielding a +0 giant club (severely wounded, umbra, chance to affect: 40%)
Okay, then.
Unknown command.
Unknown command.
Unknown command.
Unknown command.
Unknown command.
The ogre hits you with a +0 giant club!!
Ouch! That really hurt!
You die...

..# #.....####
..###..####
........###
....##....##
#..#####...###
#.## ###...###
#.## ###...##
#..# ##...###
#..#
###.@O#####
#..# ###.....#
#..# ###...#
##.# ##.##
##.# #..# ####
##.#
##.###.....
>#.#
#.........
.#.#
###....#####
...##
##.....##


You could see an ogre.

Vanquished Creatures
  Menkaure (D:5)
  A scorpion (D:5)
  2 hounds (D:3)
  A gnoll shaman (D:4)
  An iguana (D:4)
  Ijyb (D:3)
  Terence (D:3)
  3 orc wizards
  Natasha (D:4)
  6 gnolls
  4 adders
  A worm (D:4)
  3 dart slugs
  8 orcs
  5 endoplasms
  7 giant cockroaches
  4 goblins
  3 hobgoblins
  11 jackals
  5 kobolds
  3 quokkas
  7 ball pythons
  4 bats
  4 frilled lizards
  5 rats
92 creatures vanquished.

Notes
Turn   | Place    | Note
-------+----------+-------------------------------------------
     0 | D:1      | sleeves the Gargoyle Enchanter began the quest for the Orb.
     0 | D:1      | Reached XP level 1. HP: 10/10 MP: 3/3
    33 | D:1      | Reached skill level 1 in Short Blades
    71 | D:1      | HP: 5/10 [jackal (2)]
   507 | D:1      | Reached XP level 2. HP: 13/15 MP: 3/5
   542 | D:1      | Learned a level 2 spell: Ensorcelled Hibernation
  1230 | D:1      | Reached XP level 3. HP: 14/19 MP: 4/6
  1319 | D:1      | Reached skill level 4 in Stealth
  1505 | D:2      | Reached skill level 3 in Hexes
  1624 | D:2      | Reached skill level 2 in Short Blades
  1857 | D:2      | Found a shadowy altar of Dithmenos.
  2047 | D:2      | Reached XP level 4. HP: 24/24 MP: 7/7
  2081 | D:2      | Became a worshipper of Dithmenos the Shadowed
  2099 | D:3      | HP: 11/24 [rat (3)]
  2324 | D:3      | Noticed Grinder
  2581 | D:3      | Noticed Terence
  2591 | D:3      | Killed Terence
  2613 | D:3      | Learned a level 4 spell: Petrify
  2787 | D:3      | Noticed Ijyb
  2799 | D:3      | Killed Ijyb
  2800 | D:3      | Reached XP level 5. HP: 19/28 MP: 3/8
  3042 | D:3      | Noticed Grinder
  3042 | D:3      | Grinder changed into Grinder the chaos spawn
  3083 | D:3      | Reached skill level 3 in Short Blades
  3083 | D:3      | Reached skill level 5 in Stealth
  3279 | D:4      | Reached XP level 6. HP: 31/32 MP: 9/9
  3504 | D:3      | HP: 15/32 [phantom (4)]
  3768 | D:4      | Reached skill level 4 in Hexes
  3948 | D:4      | Noticed Blork the orc
  3953 | D:4      | Noticed Natasha
  3984 | D:4      | Noticed Blork
  3984 | D:4      | Blork the orc changed into Blork the endoplasm
  3984 | D:4      | HP: 16/32 [Blork the endoplasm/Freeze (1)]
  4007 | D:4      | HP: 7/32 [Blork the endoplasm/Freeze (4)]
  4013 | D:3      | Killed Blork the endoplasm
  4013 | D:3      | Reached * piety under Dithmenos
  4693 | D:4      | HP: 11/32 [iguana (8)]
  5075 | D:4      | Killed Natasha
  5410 | D:5      | Entered Level 5 of the Dungeon
  5464 | D:5      | Reached XP level 7. HP: 36/36 MP: 10/10
  5484 | D:5      | Noticed Menkaure
  5490 | D:5      | Killed Menkaure
  5491 | D:5      | Reached skill level 4 in Short Blades
  5491 | D:5      | Reached skill level 6 in Stealth
  5711 | D:5      | Found a staircase to the Ecumenical Temple.
  5961 | D:5      | HP: 14/36 [ogre/+0 giant club (22)]
  5983 | D:5      | Mangled by an ogre

Illustrated notes

Levels and vault maps discovered:
D:1:      dpeg_arrival_rhombus, layout_loops_ring
D:2:      layout_rooms, nicolae_dithmenos_shadow_blocks
D:3:      layout_rooms, cheibrodos_gnoll_hut, uniq_grinder, uniq_terence,
          uniq_ijyb
D:4:      layout_cave_pools, uniq_blork_the_orc, uniq_natasha
D:5:      lemuel_upstairs_altar, layout_cave_pods,
          beargit_hepliaklqana_dungeon_heroes, minmay_temple_entry_overgrown,
          uniq_menkaure

Skill      XL: |  1  2  3  4  5  6  7 |
---------------+----------------------+-----
Short Blades   | 1 2 3 4 |  4.0
Stealth        | 4 5 6 |  6.5
Hexes          | 3 4 |  4.8
Dodging        | |  1.5
Spellcasting   | |  2.0

Action                   |  1- 3 |  4- 6 |  7- 9 || total
-------------------------+-------+-------+-------++-------
Melee: Dagger            |   116 |   164 |    11 ||   291
       Short sword       |       |       |     6 ||     6
 Cast: Corona            |    34 |    20 |     4 ||    58
       Ensorcelled Hiber |       |    49 |     9 ||    58
Evoke: Wand              |       |     4 |       ||     4
 Stab: Sleeping          |     8 |    15 |     6 ||    29
Armor: Robe              |    43 |    69 |     2 ||   114
Dodge: Dodged            |    79 |   117 |     9 ||   205

Table legend: (Time is in decaauts)
 A = Elapsed time spent in this place.
 B = Non-inter-level travel time spent in this place.
 C = Inter-level travel time spent in this place.
 D = Time resting spent in this place.
 E = Time spent auto-exploring this place.
 F = Levels seen in this place.
 G = Mean time per level.
                   A        B        C        D        E       F      G
               +--------+--------+--------+--------+--------+-----+--------+
         Total |   5956 |   5799 |    157 |   1565 |   2892 |   5 | 1191.2 |
       Dungeon |   5956 |   5799 |    157 |   1565 |   2892 |   5 | 1191.2 |
               +--------+--------+--------+--------+--------+-----+--------+

Top non-repeatable levels by time:
     D:3: 1467 daAuts
     D:1: 1429 daAuts
     D:4: 1397 daAuts
     D:2: 1163 daAuts
     D:5: 498 daAuts
